 Dungeon Crawl Stone Soup version 0.28.0-47-ge53b351184 (webtiles) character file.

Game seed: 9390283749281990122

172 NinjaNoafa the Skirmisher (level 5, -4/47 HPs)
             Began as a Draconian Berserker on Apr 28, 2022.
             Was a Priest of Trog.
             Slain by an orc
             ... wielding a +0 flail
              (8 damage)
             ... on level 3 of the Dungeon.
             The game lasted 00:05:55 (2863 turns).

NinjaNoafa the Skirmisher (Draconian Berserker)     Turns: 2863, Time: 00:05:56

Health: -4/47      AC:  5    Str: 24 (27) XL:     5   Next: 27%
Magic:  5/5        EV: 12    Int:  5 (7)  God:    Trog [***...]
Gold:   84         SH:  0    Dex:  8 (11) Spells: 4/4 levels left

rFire   . . .      SeeInvis .   n - +0 battleaxe (drain)
rCold   . . .      Faith    .   (shield currently unavailable)
rNeg    . . .      Spirit   .   (armour unavailable)
rPois   .          Reflect  .   (helmet restricted)
rElec   .          Harm     .   (no cloak)
rCorr   .          Rampage  .   (no gloves)
Will    .....                   (no boots)
Stlth   +.........              (no amulet)
HPRegen 0.15/turn               e - +6 ring of strength
MPRegen 0.09/turn               (no ring)

@: confused, on berserk cooldown, slowed, very slow
A: AC +5, unfitting armour, cold-blooded
a: Renounce Religion, Berserk, Trog's Hand


You were on level 3 of the Dungeon.
You worshipped Trog.
Trog was most pleased with you.
You visited 1 branch of the dungeon, and saw 3 of its levels.

You collected 84 gold pieces.

Inventory:

Hand Weapons
 n - a +0 battleaxe of draining (weapon)
Jewellery
 e - a +6 ring of strength (left hand)
Scrolls
 h - a scroll of vulnerability
 m - a scroll of identify


   Skills:
 + Level 4.9 Fighting
 + Level 3.8 Axes
 + Level 4.0 Dodging


You had 4 spell levels left.
You didn't know any spells.
Your spell library was empty.

Dungeon Overview and Level Annotations

Branches:
Dungeon (3/15)

Altars:

Shops:
D:2 [*[=

Annotations:
D:3 Robin


Innate Abilities, Weirdness & Mutations

Your plain brown scales are hard. (AC +5)
You cannot fit into any form of body armour.
You are cold-blooded and may be slowed by cold attacks.


Message History

You closely miss the orc wizard.
The orc wizard is lightly wounded.
The orc wizard casts a spell at you. The puff of flame hits you.
* * * LOW HITPOINT WARNING * * *
The orc wizard hits you with a +0 dagger.
* * * LOW HITPOINT WARNING * * *
The orc wizard hits you but does no damage.
Okay, then.
You aren't carrying any potions.
You are too confused!
You feel less confused.
The orc wizard gestures at you while chanting.
You are confused.
You are too confused!
The orc wizard hits you with a +0 dagger.
* * * LOW HITPOINT WARNING * * *
The orc wizard points at you and mumbles some strange words.
You are more confused.
You bump into the rock wall.
The orc wizard points at you and mumbles some strange words.
You are more confused.
Okay, then.
The orc wizard hits you but does no damage.
The orc hits you with a +0 flail.
* * * LOW HITPOINT WARNING * * *
The orc wizard hits you but does no damage.
The orc closely misses you.
The orc wizard gestures at you while chanting.
The puff of flame hits you.
* * * LOW HITPOINT WARNING * * *
The orc hits you with a +0 flail.
* * * LOW HITPOINT WARNING * * *
The orc wizard hits you but does no damage.
The orc hits you but does no damage. The orc wizard barely misses you.
You barely miss the orc.
The orc is heavily wounded.
You closely miss the orc wizard. The orc barely misses you.
The orc wizard misses you. The orc hits you with a +0 flail!
You die...

#)# ## #.# .. #.#
#. ##.###### #.
#.......# #.
#.......#
#.#####.......#
#..........####
#..##.##..wo@.#
#.)##......o..#
#..##.###.....#
#..##.###.....#
#..#....#.....#
#<......#.....#
####....#.....###
.................
########..........


You could see a worm, an orc wizard and an orc.

Vanquished Creatures
  An orc priest (D:3)
  4 gnolls (D:2)
  3 adders (D:2)
  A worm (D:2)
  3 dart slugs
  4 orcs (D:3)
  4 endoplasms
  3 giant cockroaches (D:2)
  6 goblins
  8 hobgoblins
  5 jackals
  3 kobolds
  8 ball pythons
  4 bats
  A frilled lizard (D:1)
  3 rats (D:2)
61 creatures vanquished.

Vanquished Creatures (others)
  2 fungi (D:2)
  2 plants (D:2)
4 creatures vanquished.

Grand Total: 65 creatures vanquished

Notes
Turn   | Place    | Note
-------+----------+-------------------------------------------
     0 | D:1      | NinjaNoafa the Draconian Berserker began the quest for the
                  | Orb.
     0 | D:1      | Reached XP level 1. HP: 19/19 MP: 1/1
   287 | D:1      | Reached XP level 2. HP: 22/26 MP: 2/2
  1088 | D:1      | Reached XP level 3. HP: 28/33 MP: 3/3
  1283 | D:2      | Reached ** piety under Trog
  1435 | D:2      | Found Muistearph's Antique Armour Emporium.
  1535 | D:2      | Found Voicunk's Jewellery Shoppe.
  1547 | D:2      | Reached XP level 4. HP: 33/41 MP: 4/4
  1934 | D:2      | Found Niegh's Armour Boutique.
  2001 | D:2      | Found a faded altar of an unknown god.
  2318 | D:2      | Found Tiucvad's Assorted Antiques.
  2574 | D:3      | Reached XP level 5. HP: 44/47 MP: 5/5
  2653 | D:3      | Noticed Robin
  2816 | D:3      | Reached *** piety under Trog
  2863 | D:3      | Slain by an orc

Illustrated notes

Levels and vault maps discovered:
D:1:      nzn_arrival_water_spiral, layout_basic, minmay_misc_feat_room,
          nicolae_concentric_dashed_squares_wild, minmay_box_of_dots
D:2:      layout_basic, serial_shops, nicolae_lakefront_shop,
          nicolae_shop_competitors_out_of_business,
          nicolae_shop_competitors_out_of_business, nicolae_shop_stone,
          dreamdust_ecumenical_altar_hidden_monk_grotto
D:3:      layout_basic, uniq_crazy_yiuf_cottage, uniq_robin, uniq_grinder

Skill      XL: |  1  2  3  4  5 |
---------------+----------------+-----
Dodging        | 3 4 |  4.0
Fighting       | 4 |  4.9
Axes           | |  3.8

Action                   |  1- 3 |  4- 6 || total
-------------------------+-------+-------++-------
Melee: Hand axe          |    86 |    43 ||   129
       Tailslap          |     9 |    17 ||    26
       Punch             |     1 |       ||     1
       Battleaxe         |       |    53 ||    53
Invok: Berserk           |       |     1 ||     1
  Use: Potion            |       |     3 ||     3
       Scroll            |       |     6 ||     6
 Stab: Sleeping          |     1 |       ||     1
Armor: Skin              |    37 |    45 ||    82
Dodge: Dodged            |   102 |    56 ||   158
